[Event "TUR-ch U13-18 Open 2023"]
[Site "Antalya"]
[Date "2023.01.26"]
[Round "8"]
[White "Yamakoglu, Mustafa Ege"]
[Black "Karaca, Yigit"]
[Result "0-1"]
[ECO "B40"]
[WhiteElo "1372"]
[BlackElo "1933"]
[Annotator "TA"]
[PlyCount "110"]
[EventDate "2023.01.17"]
[EventType "swiss"]
[EventCountry "TUR"]
[SourceTitle "playchess.com"]
[Source "ChessBase"]
[SourceQuality "1"]
[TimeControl "5400+30"]

1. e4 c5 2. Nc3 e6 3. Nf3 a6 4. Be2 Nf6 5. O-O Qc7 6. d4 {B40: Sicilian: 2...e6, Unusual lines.} cxd4 7. Qxd4 Nc6 8. Qe3 {The position is equal.} Be7 9. h3 d6 10. Rd1 O-O 11. a4 b6 12. b3 {[#]} Nb4 $146 ({Predecessor:} 12... Bb7 13. Ba3 Rac8 14. Rac1 Rfd8 15. Bb2 Nd7 16. Nd2 Bf6 17. Nc4 Nc5 18. Bf3 h6 {0-1 Sarenac,I (2397)-Gelman,A (2410) Titled Tuesday intern op 2nd Febr blitz 2019 (6)}) 13. Qd2 Bb7 14. Bb2 ({Better is} 14. Ba3 $11 a5 15. Bd3 (15. Nb5 Qb8 $11)) 14... Rfd8 $15 15. Bd3 d5 {Black converts the advantage convincingly.} 16. e5 {[#]} (16. exd5 $142 Nfxd5 17. Nxd5 Rxd5 18. Rac1) 16... Ne4 $1 $17 17. Qe1 Rac8 18. Nxe4 dxe4 19. Bxe4 Nxc2 20. Bxc2 Qxc2 21. Bd4 Bxf3 ({Inferior is} 21... Qxb3 22. Rdb1 Qd3 23. Bxb6 Bxf3 24. gxf3 $17 (24. Bxd8 $2 Qg6 $19)) 22. gxf3 Qxb3 {Black has more active pieces.} 23. Qe3 Qc2 24. Rdc1 Qg6+ 25. Kh2 b5 26. axb5 axb5 {Strongly threatening ...Rxc1.} 27. Bb6 Re8 28. Bc5 (28. Ra5 $17 {was the only chance.}) 28... Bh4 $40 {[%mdl 128] White is in trouble.} (28... Rxc5 $19 29. Rxc5 Bxc5 30. Qxc5 Qd3) 29. Bd6 (29. Ra5 $17 {was called for.}) 29... Qf5 30. f4 (30. Rxc8 $17 {keeps fighting.} Rxc8 31. Qc1 {[%mdl 64] Back Rank}) 30... Kh8 $19 31. Rxc8 Rxc8 32. Rc1 Rg8 33. Rc7 $2 (33. Qf3) 33... g5 34. Qf3 gxf4 ({And not} 34... Qxf4+ 35. Kg2 $17) 35. Rc1 {Dodges Qb1} Qg5 (35... h6 $142 {...Kh7 is the strong threat.} 36. Bb4 Kh7) 36. Rf1 (36. Bb4 {was worth a try.}) 36... Qf5 $2 (36... h6 $19 {aiming for ...Qf5.} 37. Ra1 Qf5) 37. Rg1 $2 (37. Rc1 $1 $11) 37... Rxg1 38. Kxg1 {[%mdl 4096] Endgame KQB-KQB} Kg7 39. Qa8 $2 (39. Kg2 h5 40. Qa8) 39... Qg6+ $2 ({Worse is} 39... Qxh3 40. Qf8+ Kg6 41. Qg8+ Kf5 42. Qxf7+ Ke4 43. Qb7+ Kf5 44. Qf7+ Ke4 45. Qb7+ Kf5 46. Qf7+ $11) (39... f3 {( -> ...Qg5+)} 40. Qf8+ Kg6 41. Qg8+ Kh5 42. Qg4+ Qxg4+ 43. hxg4+ Kxg4) 40. Kh1 h6 (40... Bxf2 $2 41. Qf8#) 41. Qf3 Qg5 42. Kh2 Qf5 43. Kh1 $2 {[%emt 0:00:30] [#]} (43. Kg2) 43... b4 $1 {[%emt 0:00:30][%cal Ob4b3] And now ...b3! would win.} 44. Qg2+ (44. Bc5 b3) 44... Kh7 45. Qf3 {[%emt 0:00:30] [#]} b3 $1 46. Qxb3 (46. Ba3 Qxe5) 46... f3 47. Kh2 Bxf2 48. Qd1 Qf4+ 49. Kh1 Qg3 50. Qd3+ Kg8 51. Qf1 Be3 52. Bc7 Bf4 53. Qg1 Qxg1+ 54. Kxg1 Bg3 55. Bb6 Kh7 {[%emt 0:00:00] Weighted Error Value: White=0.96/Black=0.45} 0-1

[Event "TUR-ch U13-18 Open 2023"]
[Site "Antalya"]
[Date "2023.01.26"]
[Round "8"]
[White "Tarman, Ufuk"]
[Black "Kutdemir, Mehmet"]
[Result "1/2-1/2"]
[ECO "C42"]
[WhiteElo "1282"]
[BlackElo "1369"]
[Annotator "NA RC COMBH"]
[PlyCount "70"]
[EventDate "2023.01.17"]
[EventType "swiss"]
[EventCountry "TUR"]
[SourceTitle "playchess.com"]
[Source "ChessBase"]
[SourceQuality "1"]
[TimeControl "5400+30"]

1. e4 e5 2. Nf3 Nf6 3. d4 Nxe4 4. Nxe5 d6 5. Nf3 d5 6. Bd3 Be7 7. O-O O-O 8. Re1 Bf5 9. Nbd2 Nxd2 10. Bxf5 Nxf3+ 11. Qxf3 Bf6 12. c3 g6 13. Bd3 c6 14. Bf4 Nd7 15. Re2 Re8 16. Rae1 Rxe2 17. Rxe2 Nf8 18. Bg3 Kg7 19. Qe3 Ne6 20. Be5 Bxe5 21. Qxe5+ Qf6 22. g3 Qxe5 23. Rxe5 Kf6 24. Kg2 a5 25. f4 Rd8 26. f5 Ng7 27. g4 g5 28. Kg3 Re8 29. h4 h6 30. Rxe8 Nxe8 31. a4 Ke7 32. b4 f6 33. hxg5 hxg5 34. Kf3 Kd7 35. b5 Kc7 1/2-1/2

[Event "TUR-ch U13-18 Open 2023"]
[Site "Antalya"]
[Date "2023.01.27"]
[Round "9"]
[White "Tarhan, Adar"]
[Black "Kazik, Oguz Kagan"]
[Result "*"]
[ECO "E05"]
[WhiteElo "2321"]
[BlackElo "2053"]
[Annotator "TA"]
[PlyCount "45"]
[EventDate "2023.01.17"]
[EventType "swiss"]
[EventCountry "TUR"]
[SourceTitle "playchess.com"]
[Source "ChessBase"]
[SourceQuality "1"]
[TimeControl "5400+30"]

1. d4 d5 2. c4 e6 3. Nf3 Nf6 4. g3 Be7 5. Bg2 O-O 6. O-O dxc4 7. Qc2 a6 8. a4 Bd7 9. Qxc4 Bc6 10. Bg5 Nbd7 11. Nc3 h6 12. Bxf6 Nxf6 13. b4 {[%emt 0:00:00] 13.Rfd1 is the modern continuation.} Bd5 {[%emt 0:06:30] E05: Open Catalan: 5 Nf3 Be7.} 14. Nxd5 exd5 15. Qb3 c6 16. e3 Ne4 {[%emt 0:01:30] [#] Not much happened in this game.   Weighted Error Value: White=0.01 (flawless) /Black=0.08 (flawless)} {Predecessor:} 17. Rfc1 $146 Bf6 18. Rab1 Re8 19. b5 axb5 20. axb5 Qd7 21. bxc6 bxc6 22. Rc2 Qd6 23. Rbc1 {½-½ Xiong,J (2656)-Wang,H (2722) Douglas IoM op 2018 (6)} *

[Event "TUR-ch U13-18 Open 2023"]
[Site "Antalya"]
[Date "2023.01.27"]
[Round "9"]
[White "Taspinar, Yanki"]
[Black "Ergin, Sahin"]
[Result "1/2-1/2"]
[ECO "B01"]
[WhiteElo "2275"]
[BlackElo "1878"]
[Annotator "TA"]
[PlyCount "105"]
[EventDate "2023.01.17"]
[EventType "swiss"]
[EventCountry "TUR"]
[SourceTitle "playchess.com"]
[Source "ChessBase"]
[SourceQuality "1"]
[TimeControl "5400+30"]

1. e4 d5 2. exd5 Qxd5 3. Nc3 Qd8 4. d4 Nf6 5. Nf3 Bg4 6. h3 Bxf3 {B01: Scandinavian Defence.} 7. Qxf3 c6 8. g4 e6 {White is slightly better.} 9. g5 Nd5 10. Bd2 Nxc3 11. Qxc3 {[#]} a5 $146 ({Predecessor:} 11... Qd5 12. Rg1 Nd7 13. Bc4 Qe4+ 14. Kf1 Bd6 15. Re1 Qf5 16. Rg4 Nb6 17. Be2 Qd5 {1-0 Tan,J (2496)-Puccini,J (2306) Begonia op 55th 2021 (4)}) 12. Qb3 {[%emt 0:30:30] Inhibits Bb4.} Qxd4 13. Qxb7 Qe4+ 14. Be3 Qb4+ 15. Qxb4 axb4 16. Bg2 Be7 17. h4 O-O 18. Ke2 $36 {[%emt 0:09:30][%mdl 2048] White is more active.} Rc8 19. Rhd1 Kf8 20. Be4 {[%emt 0:00:30] White is more active.} Ra5 21. f4 (21. Bxh7 g6 $11) 21... f5 {[%emt 0:07:58] [#]} 22. Bd3 Bc5 23. Bd2 Nd7 {[%emt 0:01:45] [#]} 24. a3 $1 Rca8 (24... Rb8 25. axb4) 25. Rab1 (25. Bxb4 $2 Bxb4 $19) 25... Rb8 26. axb4 Bxb4 27. c3 Bd6 28. b4 Ra3 {[%emt 0:01:12] [#]} 29. Ra1 (29. Bc1 $1 $16 Ra2+ 30. Kf3) 29... Rba8 $11 30. Rxa3 Rxa3 31. Rb1 Ke7 32. h5 Nb6 33. c4 {[%emt 0:01:02][%cal Bc3c4,Bc4c5][%mdl 32] Dodges Nd5. c5 would be deadly.} Nd7 34. c5 Bc7 35. Rc1 Ra2 36. Rc4 g6 37. hxg6 hxg6 38. Rc2 Rxc2 39. Bxc2 {[%emt 0:00:30][%mdl 4096] Endgame KBB-KBN} e5 40. Ba4 Nb8 41. Bc3 (41. fxe5 $1 $14 Bxe5 42. Kd3) 41... exf4 {[%emt 0:00:30] The position is equal.} 42. Bf6+ Kd7 43. Bb3 {[%emt 0:00:30] Hoping for Bf7.} Bd8 44. Kf3 Bxf6 45. gxf6 {[%emt 0:00:30] KB-KN} g5 46. Bc4 Ke8 {[%emt 0:00:30] Threatens to win with ...Nd7.} 47. b5 cxb5 (47... Nd7 $5 48. b6 (48. bxc6 $2 {loses.} Nxf6 49. Kg2 Kd8 $19) (48. f7+ Kf8 $11) 48... Nxc5 $11) 48. c6 {[%emt 0:00:30] White wants to mate with c7.} Nxc6 (48... bxc4 {is a self mate.} 49. c7 Nd7 50. c8=Q+ (50. c8=B $2 {too greedy.} c3 $19) 50... Kf7 51. Qxd7+ Kxf6 52. Qd6+ Kf7 53. Qe5) (48... Na6 $5 49. Bxb5 Nc7 $11) 49. Bxb5 Kf7 {[%emt 0:00:30] ( -> ...Nd4+)} 50. Bxc6 Kxf6 51. Kf2 g4 52. Bb7 Kg5 53. Bc6 {[%emt 0:00:30] Weighted Error Value: White=0.08 (flawless) /Black=0.06 (flawless)} 1/2-1/2

[Event "TUR-ch U13-18 Open 2023"]
[Site "Antalya"]
[Date "2023.01.27"]
[Round "9"]
[White "Ince, Taylan Ruzgar"]
[Black "Bektas, Cagan Erdem"]
[Result "*"]
[WhiteElo "2267"]
[BlackElo "1752"]
[Annotator "TA"]
[PlyCount "13"]
[EventDate "2023.01.17"]
[EventType "swiss"]
[EventCountry "TUR"]
[SourceTitle "playchess.com"]
[Source "ChessBase"]
[SourceQuality "1"]
[TimeControl "5400+30"]

1. e4 d5 2. Nc3 Nf6 3. d4 Bg4 4. Nf3 Bxf3 5. h3 c6 6. Qxf3 e6 {[%emt 0:11:30] [#] is recently more successful than 6...dxe4.} 7. g4 $146 {[%emt 0:00:00] An uneventful encounter.  B11: Caro-Kann: Two Knights Variation.} ({White should play} 7. exd5 $11 cxd5 8. Bb5+ Nc6 9. Bg5) ({Predecessor:} 7. exd5 cxd5 8. Bd3 Nc6 9. Ne2 Nb4 10. Bb5+ Nd7 11. Ba4 b5 12. Bb3 Nc6 13. c3 Bd6 14. O-O Rc8 {0-1 Topalov,V (2728)-Carlsen,M (2864) Zagreb SuperUnited Rapid 2022 (2)}) *

[Event "TUR-ch U13-18 Open 2023"]
[Site "Antalya"]
[Date "2023.01.27"]
[Round "9"]
[White "Ince, Taylan Ruzgar"]
[Black "Tarhan, Adar"]
[Result "1-0"]
[ECO "E05"]
[WhiteElo "2267"]
[BlackElo "2321"]
[Annotator "TA"]
[PlyCount "98"]
[EventDate "2023.01.17"]
[EventType "swiss"]
[EventCountry "TUR"]
[SourceTitle "playchess.com"]
[Source "ChessBase"]
[SourceQuality "1"]
[TimeControl "5400+30"]

1. d4 d5 2. c4 e6 3. Nf3 Nf6 4. g3 Be7 5. Bg2 O-O 6. O-O dxc4 7. Qc2 a6 8. a4 Bd7 9. Qxc4 Bc6 10. Bg5 Nbd7 11. Nc3 h6 12. Bxf6 Nxf6 13. b4 {13.Rfd1 is the modern continuation.} Bd5 {E05: Open Catalan: 5 Nf3 Be7.} 14. Nxd5 exd5 15. Qb3 c6 {The position is equal.} 16. e3 Ne4 17. Rfc1 Qb6 {[%emt 0:25:00] [#]} 18. Ne5 $146 {[%emt 0:33:30] aiming for Bxe4.} ({Predecessor:} 18. Rab1 Rfd8 19. Bf1 Bd6 20. Rc2 Nf6 21. Bg2 Ne4 22. Ne1 a5 23. b5 Rab8 24. Nd3 {1-0 Kamsky,G (2665)-Nakar,E (2479) Gibraltar Masters 14th 2016 (7)}) 18... Qxb4 (18... Bxb4 $2 19. Bxe4 Rfc8 20. Bf5 $18) 19. Qxb4 Bxb4 20. Bxe4 dxe4 21. a5 Bd6 22. Nc4 Bc7 23. Rab1 Ra7 24. Rb2 Rd8 25. Rcb1 Rd5 ({Better is} 25... Rb8 $1 $14) 26. Rxb7 $16 {[%emt 0:00:30] Black is on the road to losing.} Rxb7 27. Rxb7 Bxa5 {[%emt 0:00:00][%mdl 4096] Endgame [#] KRB-KRN} 28. Ra7 $1 {[%emt 0:02:30] White is more active.} Bb4 29. Rxa6 c5 30. Ra8+ Kh7 31. Rb8 {[%emt 0:00:30] Dodges cxd4} Kg6 32. Rb5 Kf6 33. Nb6 Rd6 34. Na4 Ra6 (34... cxd4 $2 35. Rxb4 Ke5 36. Rb5+ Rd5 37. exd4+ Kxd4 38. Rb7 $18) (34... Ke6 $16 35. Nxc5+ (35. dxc5 Rd1+ 36. Kg2 Be1 $16) 35... Bxc5) 35. Nxc5 $18 Bxc5 36. Rxc5 {[%emt 0:00:30] KR-KR} ({Not} 36. dxc5 Ke6 $16) 36... Kg6 37. g4 f6 38. Rc7 f5 $2 (38... Ra8 39. Kg2 Rh8) 39. gxf5+ Kf6 40. Rc5 Kg5 41. Re5 Kg4 42. Kg2 h5 43. h3+ Kg5 44. f6+ {[%emt 0:00:00][%mdl 64] Deflection} Kxf6 45. Rxh5 Re6 46. Kg3 g6 {[%emt 0:00:00] [#]} 47. Re5 {[%emt 0:00:30] Threatening mate with Rxe6+.} Rxe5 (47... Rb6 48. Rxe4) 48. dxe5+ Kxe5 49. Kg4 Kd5 {[%emt 0:00:00] Weighted Error Value: White=0.04 (flawless) /Black=0.29 (precise)} 1-0

[Event "TUR-ch U13-18 Open 2023"]
[Site "Antalya"]
[Date "2023.01.27"]
[Round "9"]
[White "Yildirim, Ibrahim Halil"]
[Black "Kavri, Yusuf Eren"]
[Result "1-0"]
[ECO "B50"]
[WhiteElo "2124"]
[BlackElo "2050"]
[Annotator "TA"]
[PlyCount "171"]
[EventDate "2023.01.17"]
[EventType "swiss"]
[EventCountry "TUR"]
[SourceTitle "playchess.com"]
[Source "ChessBase"]
[SourceQuality "1"]
[TimeControl "5400+30"]

1. e4 c5 2. Nf3 d6 3. c3 Nf6 4. Bd3 e5 5. O-O g6 6. Re1 Bg7 7. Bf1 O-O 8. d4 {[%emt 0:00:30] 8.h3 is the modern continuation.} Qc7 (8... cxd4 $11 9. cxd4 exd4) 9. h3 {[%emt 0:05:30] B50: Sicilian: 2...d6, Miscellaneous.} Nc6 {[%emt 0:03:30] [#]} 10. Qc2 $146 (10. d5 $14 Ne7 11. c4) ({Predecessor:} 10. dxe5 dxe5 11. Qc2 h6 12. Be3 b6 13. Nbd2 Be6 14. Bc4 Rfe8 15. Bxe6 Rxe6 16. Rad1 Nh5 {0-1 Arencibia Monduy,A (2133)-Pichot,A (2628) Titled Tuesday intern op 02nd Nov blitz 2021 (2)}) 10... Nh5 (10... cxd4 $11 11. cxd4 exd4) 11. dxc5 {[%emt 0:09:30] White is slightly better.} dxc5 12. Na3 h6 13. Be3 Qe7 14. Qb3 b6 15. Rad1 Nf4 16. Qa4 Na5 17. Bxf4 exf4 18. e5 g5 19. Bd3 {[%emt 0:00:50] White is much more active. The black rooks are badly placed.} Bb7 {[%emt 0:01:30] Inhibits Qe4. Black is weak on the light squares} 20. Be4 (20. b4 $1 $16 Bxf3 21. gxf3) 20... Bxe4 $14 21. Qxe4 Rad8 22. Qa4 (22. Nb5 $14 {is superior.}) 22... Qe6 $11 23. b4 cxb4 24. cxb4 Nc6 25. Rc1 Rc8 26. Nc4 {[%emt 0:01:46] Nd6 is the strong threat.} Nb8 (26... b5 $11 27. Qxb5 Rb8) 27. Qb5 (27. Nd4 $14 Qd5 28. Nf5) 27... Rfd8 (27... Qd7 $5 28. Nd6 Qxb5 29. Nxb5 Rxc1 30. Rxc1 a5 $11) 28. Nd6 Rxc1 29. Rxc1 {[%emt 0:00:11] Black must now prevent Rc7.} Nd7 $1 (29... Bxe5 $2 30. Qxe5 Qxd6 31. Qxd6 Rxd6 32. Rc8+ Kg7 33. Rxb8 $18) 30. Nb7 {[%emt 0:02:03] Excellent horsemanship.} (30. Nxf7 $14 {stays ahead.} Qxf7 31. Rd1) 30... Rb8 $17 31. Rc6 Qxa2 32. Rc7 {[%emt 0:00:36] [#]} (32. e6 $17 {keeps fighting.} fxe6 33. Rc7) 32... Nxe5 $1 $19 {[%emt 0:00:34][%mdl 576] Decoy} 33. Nd6 (33. Nxe5 Qa1+) 33... Nxf3+ {[%emt 0:01:21][%mdl 64] Remove Defender} 34. gxf3 Bd4 35. Ne4 Rd8 {[%emt 0:00:30] Wards off Qd7} 36. Qc6 Kg7 37. Qb7 $2 (37. Re7 $17 {was necessary.}) 37... a5 38. bxa5 bxa5 {[%emt 0:00:30] Strongly threatening ...a4.} 39. Qb5 Qd5 40. Qa4 Bb6 41. Rc1 Qd4 42. Qc6 f5 $2 ({Black should play} 42... a4 $19 43. Rc3 Rd7) 43. Rc4 $2 (43. Rb1 $1 $11 Rb8 44. Nd6 Qxf2+ 45. Kh1) 43... Qd1+ $2 (43... Qb2 $19 44. Nc5 Rd1+ 45. Kg2 Qb1 46. Qb7+ Kg8 47. Qb8+ (47. Ne6 $2 Rg1+ 48. Kh2 Rh1+ 49. Kg2 Qg1#) 47... Bd8 48. Qxb1 Rxb1) 44. Kh2 $11 {[%emt 0:00:30] White threatens Qf6+ and mate. Some like it hot} fxe4 45. Qxb6 {[%emt 0:00:30] Threatens to win with Rc6.} exf3 $2 {[%emt 0:00:30][%mdl 12288] Endgame KQR-KQR} (45... e3 $2 46. Rc6 Qd3 47. Qc7+ (47. Rxh6 Qf5 $11) 47... Rd7 48. Qe5+ Kh7 49. Qf6 exf2 50. Qxh6+ Kg8 51. Qxg5+ Kh8 52. Qf6+ (52. Qxa5 {gets mated.} f1=N+ 53. Kg1 Qe3+ 54. Kh1 Qxf3+ 55. Kg1 Rg7+) 52... Kh7 53. Qh6+ (53. Qxf4 $2 {too greedy.} f1=N+ 54. Kg1 Qe3+ 55. Qxe3 Nxe3 $19) 53... Kg8 54. Rg6+ $18 (54. Qxf4 f1=N+ 55. Kh1 Qf5 $11) (54. Qxf4 f1=N+ 55. Kh1 Qf5 $11)) (45... Rd7 $11) 46. Qe6 $2 (46. Rc6 $1 $18 {[%cal Rc6g6] White wants to mate with Rg6+.} Qd3 47. Qc7+ Rd7 48. Qe5+ Kh7 49. Qe6) 46... Qd6 $15 47. Qe4 {[%emt 0:00:30][%cal Oc4c6] aiming for Rc6!} Qf6 {[%emt 0:00:30][%cal Og5g4] Dodges Rc6} (47... Qb6 $5 48. Qc2 Qe6 $11) 48. Rc6 Qf7 {[%emt 0:00:30][%mdl 8192] White stays focused until the end.} (48... Rd6 $11 49. Rc8 Qf7) 49. Qe5+ $18 Kh7 {[%emt 0:00:30] [#]} 50. Rf6 $1 Qg7 51. Qf5+ Kh8 52. Rf7 Rg8 53. Rxg7 {[%emt 0:00:30] White mates.} Rxg7 54. Qxa5 {[%emt 0:00:30] KQ-KR} Rf7 55. Qd5 Kg7 56. Qxf3 Kg6 57. Qd3+ Kg7 58. Kg2 f3+ 59. Kg3 Rf4 60. Qd7+ Rf7 61. Qd4+ Kg6 62. Qe4+ Kg7 63. h4 Rf4 64. Qe7+ Rf7 65. Qe5+ Kg6 66. Qe6+ Kg7 67. h5 Rf6 68. Qe8 Rf7 69. Kh2 Rf6 70. Kg1 Rf7 71. Kf1 Rf6 72. Ke1 Rf7 73. Kd2 Rf6 74. Ke3 Rf7 75. Ke4 Rf4+ 76. Kd5 Rf5+ 77. Ke6 Rf6+ 78. Ke7 g4 79. Qc8 Rf7+ {[%emt 0:00:15] [#]} 80. Kd6 $1 Rf4 81. Ke5 Rf7 82. Qxg4+ Kh7 83. Ke6 Rg7 84. Qxf3 Kh8 85. Qf8+ Kh7 {[%emt 0:00:30] [#]} 86. Qxg7+ $3 {[%emt 0:00:00] Weighted Error Value: White=0.46/Black=0.44} 1-0

[Event "TUR-ch U13-18 Open 2023"]
[Site "Antalya"]
[Date "2023.01.27"]
[Round "9"]
[White "Gokcek, Kursat Bugra"]
[Black "Kandaz, Berat Efe"]
[Result "*"]
[WhiteElo "2116"]
[BlackElo "1650"]
[Annotator "TA"]
[PlyCount "30"]
[EventDate "2023.01.17"]
[EventType "swiss"]
[EventCountry "TUR"]
[SourceTitle "playchess.com"]
[Source "ChessBase"]
[SourceQuality "1"]
[TimeControl "5400+30"]

1. e4 c5 2. c3 e5 3. Nf3 Nc6 4. d4 cxd4 5. cxd4 exd4 6. Nxd4 Nf6 7. Nxc6 dxc6 8. Qxd8+ {[%emt 0:00:30] B22: Sicilian: 2 c3.} Kxd8 9. Bg5 {[%emt 0:00:30] [#] A rather calm draw.} {Predecessor:} h6 $146 10. Bxf6+ gxf6 11. Bc4 Bb4+ 12. Nd2 Ke7 13. Ke2 Rg8 14. g3 Rd8 15. Nf3 Bg4 {0-1 Tiarks,J (2179)-Heberla,B (2563) Gorzow Wielkopolski Lasker Memorial 2nd 2018 (4)} *

[Event "TUR-ch U13-18 Open 2023"]
[Site "Antalya"]
[Date "2023.01.27"]
[Round "9"]
[White "Danaci, Ege"]
[Black "Ozbek, Osman Tuncay"]
[Result "*"]
[WhiteElo "2088"]
[BlackElo "1405"]
[Annotator "TA"]
[PlyCount "35"]
[EventDate "2023.01.17"]
[EventType "swiss"]
[EventCountry "TUR"]
[SourceTitle "playchess.com"]
[Source "ChessBase"]
[SourceQuality "1"]
[TimeControl "5400+30"]

1. e4 c5 2. Nf3 e6 3. d4 cxd4 4. Nxd4 a6 5. Bd3 d5 6. exd5 Qxd5 {[%emt 0:00:00] [#]} 7. O-O $1 {[%emt 0:03:30] Active counter play!} Nf6 {[%emt 0:00:00] has lost popularity (7...Nd7). B42: Sicilian: Kan Variation: 5 Bd3.} (7... Qxd4 $2 8. Bb5+ axb5 9. Qxd4 $18) (7... Nd7 8. Be3) 8. Nc3 Qd8 {[%emt 0:00:30] [#]} (8... Qxd4 $2 9. Bb5+ {[%mdl 64] Discovered Attack} axb5 10. Qxd4 $18) {Predecessor:} 9. Re1 $146 Be7 10. Bf4 O-O 11. Qd2 b5 12. Bxb8 Rxb8 13. Nc6 Qc7 14. Nxb8 Qxb8 15. a3 Bb7 16. Ne4 Ng4 17. Ng3 Bc5 18. Re2 {0-1 Ibarra Jerez,J (2563)-Naroditsky,D (2646) Titled Tuesday intern op1 2nd Aug blitz 2016 (7)} *

[Event "TUR-ch U13-18 Open 2023"]
[Site "Antalya"]
[Date "2023.01.27"]
[Round "9"]
[White "Topuz, Mirac Melih"]
[Black "Alpaslan, Utku"]
[Result "*"]
[WhiteElo "2071"]
[BlackElo "1765"]
[Annotator "TA"]
[PlyCount "41"]
[EventDate "2023.01.17"]
[EventType "swiss"]
[EventCountry "TUR"]
[SourceTitle "playchess.com"]
[Source "ChessBase"]
[SourceQuality "1"]
[TimeControl "5400+30"]

1. e4 c5 2. Nf3 e6 3. c3 Nf6 4. e5 Nd5 5. d4 cxd4 6. cxd4 d6 7. Bc4 Nb6 8. Bd3 dxe5 {[%emt 0:01:30] B22: Sicilian: 2 c3.} 9. dxe5 Bb4+ 10. Nc3 {[%emt 0:00:30] [#]} {Predecessor:} Nd5 $146 11. O-O Nxc3 12. bxc3 Bxc3 13. Rb1 Nc6 14. Ba3 Bxe5 15. Nxe5 Nxe5 16. Bb5+ Nc6 17. Qf3 Bd7 18. Rfd1 Qg5 19. Rxd7 Kxd7 20. Qxf7+ Kc8 21. Bxc6 {1-0 Del Rosario Moreno,C (2117)-Fabian Brioso,C (1917) DOM-ch Santo Domingo 2018 (7)} *

[Event "TUR-ch U13-18 Open 2023"]
[Site "Antalya"]
[Date "2023.01.27"]
[Round "9"]
[White "Kazik, Oguz Kagan"]
[Black "Aydemir, Umut"]
[Result "1-0"]
[ECO "A07"]
[WhiteElo "2053"]
[BlackElo "1754"]
[Annotator "TA"]
[PlyCount "81"]
[EventDate "2023.01.17"]
[EventType "swiss"]
[EventCountry "TUR"]
[SourceTitle "playchess.com"]
[Source "ChessBase"]
[SourceQuality "1"]
[TimeControl "5400+30"]

1. Nf3 d5 2. g3 g6 3. Bg2 Bg7 4. O-O e5 5. d3 Nc6 6. c3 {A07: Réti Opening: New York and Capablanca Systems.} Nf6 7. Bg5 h6 8. Bxf6 {The position is equal.} Bxf6 {[#]} 9. Qc2 $146 ({Predecessor:} 9. e4 Be6 10. Qe2 O-O 11. Nbd2 a5 12. Rfe1 Re8 13. Qe3 Bg7 14. Nb3 d4 15. cxd4 exd4 {0-1 Milijanovic,G (2047)-Stanic,A (2114) Belgrade-chTB Quality 2018 (4.5)}) 9... O-O 10. e4 Be6 11. Nbd2 Qd7 12. b4 Rad8 13. Rfe1 Rfe8 14. Rad1 a5 15. b5 Na7 (15... Ne7 $5 ) 16. c4 ({White should try} 16. exd5 $14 Bxd5 17. c4 Bxf3 18. Nxf3 (18. Bxf3 Qxd3 19. Qxd3 Rxd3 $14)) 16... dxc4 (16... d4 $1 $15) 17. dxc4 $11 Qd3 18. Qc1 b6 19. Bf1 Qd6 20. Nb1 Qf8 21. Nc3 Bg7 22. Nd5 Rd7 23. Qe3 Nc8 24. Nd2 Nd6 25. a4 f5 26. f3 g5 27. Qe2 Nb7 28. Bh3 Nc5 (28... f4 $11 {keeps the balance.} 29. Bxe6+ Rxe6) 29. Bxf5 $16 Bxf5 ({Black should play} 29... Nxa4 30. Bxe6+ Rxe6) 30. exf5 Qxf5 31. Ne4 Qf8 32. Kg2 {[%emt 0:03:39] [#] And now Nxc5 would win. White has more active pieces.} Red8 33. Nxc5 Qxc5 {[%emt 0:00:03] Black is weak on the light squares} 34. Rd2 c6 $2 {[%emt 0:01:20][%mdl 8192] Loses the game.} (34... Kh8 $16 {is a better chance.}) 35. bxc6 $18 Qxc6 {[%emt 0:00:00] [#]} 36. Ne7+ $1 {[%emt 0:00:18][%mdl 576] Deflection} Rxe7 37. Rxd8+ Kf7 38. Qd3 {[%emt 0:03:28] Rd6 is the strong threat.} Rc7 39. Qf5+ Bf6 40. Qh7+ Bg7 41. Rxe5 {[%emt 0:00:40] Weighted Error Value: White=0.37/Black=0.59} 1-0

[Event "TUR-ch U13-18 Open 2023"]
[Site "Antalya"]
[Date "2023.01.27"]
[Round "9"]
[White "Demirtas, Alper"]
[Black "Celik, Ege Yigit"]
[Result "1-0"]
[ECO "A35"]
[WhiteElo "1990"]
[BlackElo "1891"]
[Annotator "TA"]
[PlyCount "61"]
[EventDate "2023.01.17"]
[EventType "swiss"]
[EventCountry "TUR"]
[SourceTitle "playchess.com"]
[Source "ChessBase"]
[SourceQuality "1"]
[TimeControl "5400+30"]

1. c4 c5 2. Nf3 Nc6 3. Nc3 g6 4. e3 Nf6 5. d4 cxd4 6. exd4 d5 7. cxd5 Nxd5 8. Bc4 Nb6 9. Bb5 {[#] Threatens to win with d5.} a6 {A35: Symmetrical English: 2 Nc3 Nc6 3 Nf3.} 10. Bxc6+ bxc6 11. Ne5 Bg7 {[%emt 0:21:00] White has an edge.} 12. O-O O-O {[%emt 0:10:30] [#]} 13. Nxc6 $146 ({Predecessor:} 13. Bf4 Be6 14. Nxc6 Qd7 15. Ne5 Qb7 16. Qe2 Rfd8 17. Rfd1 Nd5 18. Bg5 Nxc3 19. bxc3 {0-1 De Winter,I-Rovira Mas,J Olympiad-18 Final D 1968 (3)}) 13... Qd6 14. d5 {[%emt 0:05:30] Qb3 would be deadly.} Bb7 15. Qb3 Bxc6 (15... Bxc3 {simplifies} 16. Qxb6 Bxc6 17. Qxc6 Be5) 16. Qxb6 Bb5 {[%emt 0:00:30][%mdl 64] [#] Discovered Attack. A strong pair of Bishops.} 17. Qxd6 exd6 18. Rd1 Rfc8 19. Bf4 Bc4 (19... Bxc3 $14 20. bxc3 Rxc3) 20. Na4 $16 Rab8 {[%emt 0:09:55] Repels Nb6} (20... Be2 $142) 21. Bxd6 Rb5 {[%emt 0:00:33] This move loses the game for Black.} (21... Bb5 $16 {keeps fighting.}) 22. Rac1 $18 Rd8 23. Rxc4 Rxd6 24. Rc8+ Bf8 25. Rc5 (25. Nc3 $142) 25... Rb4 26. b3 Rf6 {[%emt 0:00:30] aiming for ...Rxa4.} 27. Rc6 Bd6 $2 (27... Rd6 28. Rc8 Re4) 28. g3 ({Not} 28. Rxa6 Bxh2+ 29. Kxh2 Rxa6 $16) 28... a5 29. Nc5 Be5 30. Rc8+ Kg7 31. Nd7 {[%emt 0:00:00][%csl LRe5,LRf6] Weighted Error Value: White=0.36/Black=0.56} 1-0